Map: Breakwater LE

Players

A.I. 2 (Elite) - Winner!

  • Race: Zerg Zerg

ferrum

  • Race: Zerg Zerg
  • Spawn Location: 7:00

VOD

Have the link to the VOD?

Description

Time

  • Played on: May 4, 2025, 10:03 p.m.
  • Length: 2:51
Show
View Real Time Build Order
Export as new Build Order

A.I. 2 (Elite) Zerg - Winner!

Build Orders:  

Get SALT Encoding   

Show
View Real Time Build Order
Export as new Build Order

ferrum Zerg 

Build Orders: Hatch First 

Get SALT Encoding   

  12  0:00  Drone  
  13  0:13  Overlord  
  13  0:19  Drone  
  14  0:31  Drone  
  14  0:32  Drone  
  14  0:35  Drone  
  17  0:53  Drone  
  17  0:54  Hatchery  
  17  0:59  Drone  
  18  1:11  Drone, Extractor  
  18  1:19  Spawning Pool  
  18  1:20  Drone  
  18  1:28  Drone  
  19  1:39  Overlord  
  19  1:53  Hatchery  
  19  1:54  Drone  
  19  2:03  Drone  
  20  2:08  Queen  
  20  2:12  Drone  
  23  2:23  Drone  
  24  2:36  Spine Crawler  
  23  2:38  Drone  
  23  2:39  Spine Crawler  
  23  2:46  Spine Crawler  
Tags
 
Matchup
ZvZ
Race
Zerg
Add a new tag
Caveats
  • Supply blocks, unpowered buildings, or Contaminate may cause inaccurate times.
  • Supply counts are checked every 10 seconds.